 Dungeon Crawl Stone Soup version 0.29-a0-380-gf50f0a9fbc (webtiles) character file.

Game seed: 5283703470770913977

135 Antichthon the Skirmisher (level 5, 0/42 HPs)
             Began as a Formicid Abyssal Knight on May 5, 2022.
             Was a Believer of Lugonu.
             Killed by nerve-wracking pain
             ... invoked by Grinder
              (13 damage)
             ... on level 3 of the Dungeon.
             The game lasted 00:03:08 (2793 turns).

Antichthon the Skirmisher (Formicid Abyssal Knight) Turns: 2793, Time: 00:03:08

Health: 0/42       AC:  7    Str: 17    XL:     5   Next: 42%
Magic:  6/6        EV: 10    Int: 10    God:    Lugonu [**....]
Gold:   114        SH:  0    Dex: 13    Spells: 4/4 levels left

rFire   . . .      SeeInvis +   a - +1 falchion
rCold   . . .      Faith    .   (no shield)
rNeg    . . .      Spirit   .   m - +0 scale mail
rPois   .          Reflect  .   (helmet unavailable)
rElec   .          Harm     .   h - +0 cloak
rCorr   .          Rampage  .   (no gloves)
Will    .....                   (no boots)
Stlth   ..........              (no amulet)
HPRegen 0.14/turn               (no ring)
MPRegen 0.10/turn               (no ring)

@: no status effects
A: permanent stasis, dig shafts and tunnels, antennae 3, four strong arms
a: Dig, Shaft Self, Renounce Religion, Depart the Abyss, Bend Space


You were on level 3 of the Dungeon.
You worshipped Lugonu.
Lugonu was pleased with you.
You visited 1 branch of the dungeon, and saw 3 of its levels.
You visited the Abyss 1 time.

You collected 114 gold pieces.

Inventory:

Hand Weapons
 a - a +1 falchion (weapon)
Armour
 h - a +0 cloak (worn)
 m - a +0 scale mail (worn)
Scrolls
 d - 2 scrolls of poison {unknown}
 e - 2 scrolls of identify {unknown}
 f - a scroll of teleportation {unknown}
 g - 3 scrolls of blinking {unknown}
 i - a scroll of vulnerability {unknown}
Potions
 c - a potion of lignification {unknown}
 j - a potion of berserk rage {unknown}
 k - a potion of ambrosia {unknown}
 l - a potion of heal wounds {unknown}


   Skills:
 * Level 4.0 Fighting
 * Level 3.0 Long Blades
 * Level 1.0 Crossbows
 * Level 2.7 Armour
 * Level 1.4 Dodging
 * Level 1.3 Stealth
 * Level 1.1 Shields
 * Level 2.6 Invocations
 * Level 1.2 Evocations


You had 4 spell levels left.
You didn't know any spells.
Your spell library was empty.

Dungeon Overview and Level Annotations

Branches:
Dungeon (3/15)

Altars:

Annotations:
D:3 Grinder


Innate Abilities, Weirdness & Mutations

You cannot be hasted, slowed, berserked, paralysed or teleported.
You can dig through walls and to a lower floor.
You have a pair of large antennae on your head. (SInv)
Your four strong arms can wield two-handed weapons with a shield.


Message History

Pain shoots through your body!
You hit Grinder but do no damage.
Grinder is moderately wounded.
Grinder hits you.
You closely miss Grinder.
Grinder is moderately wounded.
Grinder gestures at you. Pain shoots through your body!
You hit Grinder.
Grinder is moderately wounded.
Grinder gestures at you. You resist with significant effort.
You hit Grinder.
Grinder is heavily wounded.
Grinder hits you. x2
* * * LOW HITPOINT WARNING * * *
You hit Grinder.
Grinder is heavily wounded.
Grinder hits you but does no damage.
Unknown command.
You hit Grinder.
Grinder is severely wounded.
Grinder barely misses you.
You hit Grinder.
Grinder is severely wounded.
Grinder closely misses you.
You barely miss Grinder.
Grinder is severely wounded.
Grinder blinks!
You barely miss the bat. The bat hits you but does no damage.
The bat barely misses you. The bat hits you but does no damage.
You closely miss the bat. The bat hits you but does no damage. x2
You closely miss the bat. The bat hits you but does no damage. x2
The bat closely misses you. The bat hits you but does no damage.
There is a stone staircase leading up here.
Unknown command.
The bat barely misses you. Grinder gestures at you.
Pain shoots through your body!
You die...

#########
#b@.....#
#5#####.#
###.#####.####
#.....o.o.....
#.#.#.###..###
...#.#.# # ###
#.... ###.##
...


You could see Grinder and a bat.

Vanquished Creatures
  2 orc priests (D:2)
  2 adders (D:2)
  A worm (D:2)
  2 dart slugs (D:1)
  An orc (D:2)
  5 endoplasms (D:1)
  A giant cockroach (D:1)
  4 goblins
  6 hobgoblins
  4 jackals (D:2)
  4 ball pythons
  5 bats
  2 frilled lizards
  5 kobolds
  6 rats
50 creatures vanquished.

Notes
Turn   | Place    | Note
-------+----------+-------------------------------------------
     0 | Abyss:1  | Antichthon the Formicid Abyssal Knight began the quest for
                  | the Orb.
     0 | Abyss:1  | Reached XP level 1. HP: 18/18 MP: 2/2
     0 | D:1      | Escaped the Abyss
   104 | D:1      | Reached ** piety under Lugonu
   105 | D:1      | Reached XP level 2. HP: 9/24 MP: 3/3
   339 | D:1      | Reached skill level 1 in Dodging
   807 | D:1      | Reached XP level 3. HP: 10/29 MP: 4/4
  1722 | D:2      | Reached XP level 4. HP: 33/37 MP: 5/5
  2028 | D:2      | Reached skill level 1 in Stealth
  2175 | D:2      | Reached skill level 1 in Evocations
  2497 | D:3      | Noticed Grinder
  2524 | D:2      | Reached skill level 1 in Shields
  2524 | D:2      | Reached XP level 5. HP: 22/42 MP: 6/6
  2684 | D:2      | Reached skill level 4 in Fighting
  2684 | D:2      | Reached skill level 1 in Crossbows
  2793 | D:3      | Killed from afar by Grinder

Illustrated notes

Levels and vault maps discovered:
D:1:      minmay_arrival_loop, layout_basic
D:2:      layout_loops_ring, grunt_ministairs_14
D:3:      layout_loops_ring, mainiacjoe_overflow_six_doors_small,
          ebering_ecumenical_altar_mist, uniq_grinder

Skill      XL: |  1  2  3  4  5 |
---------------+----------------+-----
Dodging        | 1 |  1.4
Stealth        | 1 |  1.3
Evocations     | 1 |  1.2
Shields        | 1 |  1.1
Fighting       | 4 |  4.0
Long Blades    | 3 |  3.0
Crossbows      | 1 |  1.0
Armour         | |  2.7
Invocations    | |  2.6

Action                   |  1- 3 |  4- 6 || total
-------------------------+-------+-------++-------
Melee: Falchion          |    98 |    83 ||   181
       Punch             |     2 |     2 ||     4
Invok: Depart the Abyss  |     1 |       ||     1
 Stab: Sleeping          |       |     1 ||     1
Armor: Leather armour    |    36 |    21 ||    57
       Scale mail        |       |    11 ||    11
Dodge: Dodged            |    86 |    48 ||   134

Table legend: (Time is in decaauts)
 A = Elapsed time spent in this place.
 B = Non-inter-level travel time spent in this place.
 C = Inter-level travel time spent in this place.
 D = Time resting spent in this place.
 E = Time spent auto-exploring this place.
 F = Levels seen in this place.
 G = Mean time per level.
                   A        B        C        D        E       F      G
               +--------+--------+--------+--------+--------+-----+--------+
         Total |   2828 |   2798 |     30 |    208 |   2055 |   4 |  707.0 |
       Dungeon |   2828 |   2798 |     30 |    208 |   2055 |   3 |  942.7 |
         Abyss |      0 |      0 |      0 |      0 |      0 |   1 |    0.0 |
               +--------+--------+--------+--------+--------+-----+--------+

Top non-repeatable levels by time:
     D:1: 1473 daAuts
     D:2: 1301 daAuts
     D:3: 53 daAuts
